 Dungeon Crawl Stone Soup version 0.17-a0-1945-gfe993df (webtiles) character file.

85 graki42 the Magician (level 4, -1/24 HPs)
             Began as a Deep Elf Fire Elementalist on Sept 30, 2015.
             Killed by divine providence
             ... invoked by an orc priest
              (14 damage)
             ... on level 3 of the Dungeon.
             The game lasted 00:06:40 (1480 turns).

graki42 the Magician (Deep Elf Fire Elementalist)   Turns: 1480, Time: 00:06:41

Health: -1/24      AC:  2    Str:  6    XL:     4   Next: 25%
Magic:  5/12       EV: 13    Int: 20    God:
Gold:   106        SH:  0    Dex: 15    Spells: 1 memorised, 10 levels left

rFire  . . .     SeeInvis .     (no weapon)
rCold  . . .     Clarity  .     a - +0 robe
rNeg   . . .     SustAt   .     (no shield)
rPois  .         Gourm    .     (no helmet)
rElec  .         Spirit   .     (no cloak)
rCorr  .         Warding  .     (no gloves)
rMut   +         Stasis   .     (no boots)
MR     .....                    i - amulet of resist mutation
Stlth  ++........               (no ring)
                                (no ring)

@: very slightly contaminated, not resistant to hostile enchantments, unstealthy
A: no striking features
a: no special abilities


You were on level 3 of the Dungeon.
You were hungry.

You visited 1 branch of the dungeon, and saw 3 of its levels.

You collected 106 gold pieces.

Inventory:

Armour
 a - a +0 robe (worn)
Jewellery
 i - an amulet of resist mutation (around neck)
Magical devices
 p - a wand of paralysis (10)
 s - a wand of fireball (8)
Scrolls
 d - a scroll of remove curse {unknown}
 f - 5 scrolls of identify {unknown}
 h - a scroll of teleportation {unknown}
 l - a scroll of recharging {unknown}
 m - 2 scrolls of noise {unknown}
 r - a scroll of fear {unknown}
Potions
 e - a potion of beneficial mutation {unknown}
 g - a potion of degeneration {unknown}
 j - 3 potions of might {unknown}
 k - a potion of cancellation {unknown}
 n - a potion of mutation {unknown}
 o - a potion of agility {unknown}
Books
 b - a book of Flames

   Spells                             Type                      Level
   a - Flame Tongue                   Conjuration/Fire             1
   b - Throw Flame                    Conjuration/Fire             2
   c - Conjure Flame                  Conjuration/Fire             3
   d - Inner Flame                    Hexes/Fire                   3
   e - Sticky Flame                   Conjuration/Fire             4
   f - Fireball                       Conjuration/Fire             5
Comestibles
 c - 2 bread rations
 q - 2 meat rations


   Skills:
 + Level 2.8 Dodging
 + Level 2.7 Stealth
 + Level 4.4 Spellcasting
 + Level 2.0 Conjurations
 + Level 4.1 Fire Magic


You had 10 spell levels left.
You knew the following spells:

 Your Spells              Type           Power        Failure   Level  Hunger
a - Flame Tongue          Conj/Fire      ###..        3%          1    None


Dungeon Overview and Level Annotations

Branches:
Dungeon (3/15)

Altars:


Message History

The flame tongue hits the bat.
You kill the bat!
The orc shouts!
Casting: Flame Tongue
Confirm with . or Enter, or press ? or * to list all spells.
Aiming: Flame Tongue
Press: ? - help, Shift-Dir - straight line The flame tongue hits something.
Something barely misses you.
The orc priest mumbles some strange prayers to Beogh against you.
Something smites you!
You hear some strange, mumbled words.
A puff of frost appears from out of thin air!
The puff of frost misses you.
The orc priest looks braver for a moment.
You hear some strange, mumbled words.
You see here a bat corpse.
The orc priest mumbles some strange prayers to Beogh against you.
Something smites you!
Ouch! That really hurt!
You die...

..# #[# #.# #.# #.# #.# #÷#
#.#######################$####
.÷..............@.†....oo.....
#.#########.##################
#.##### #.# #.. ......## #.#
#.# #.###..# #[# #.# ..# ##.#
#.# #.# ### #.# #.# #.# #.##
#.# #.# #..# #.# #.#


You could see an orc priest.

Vanquished Creatures
  3 adders
  An ooze (D:1)
  A worm (D:2)
  An adder skeleton (D:3)
  2 giant geckos
  2 orcs (D:3)
  A giant cockroach (D:2)
  5 goblins
  6 hobgoblins
  3 jackals (D:3)
  8 kobolds
  9 bats
  3 giant newts
  2 rats (D:1)
47 creatures vanquished.

Notes
Turn   | Place    | Note
--------------------------------------------------------------
     0 | D:1      | graki42 the Deep Elf Fire Elementalist began the quest for the Orb.
     0 | D:1      | Reached XP level 1. HP: 10/10 MP: 6/6
    75 | D:1      | Reached XP level 2. HP: 15/15 MP: 0/8
   618 | D:2      | Reached XP level 3. HP: 19/19 MP: 6/10
   625 | D:2      | You fall through a shaft!
   629 | D:3      | Reached skill level 4 in Fire Magic
   999 | D:2      | Reached XP level 4. HP: 24/24 MP: 9/12
  1480 | D:3      | Killed from afar by an orc priest

Vault maps used:
D:1:      tarquinn_simple_flora_water_e
D:3:      first_bread, grunt_dithmenos_smoke

Action                   |  1- 3 |  4- 6 || total
-------------------------+-------+-------++-------
 Cast: Flame Tongue      |    64 |    21 ||    85
  Eat: Chunk             |       |     1 ||     1
